 Dungeon Crawl Stone Soup version 0.18-a0-1773-gec4f98e (webtiles) character file.

111 dobroeutro the Shield-Bearer (level 4, -2/29 HPs)
             Began as a Gargoyle Fighter on Apr 14, 2016.
             Slain by a worm (3 damage)
             ... on level 2 of the Dungeon.
             The game lasted 00:01:44 (790 turns).

dobroeutro the Shield-Bearer (Gargoyle Fighter)      Turns: 790, Time: 00:01:45

Health: -2/29      AC: 10    Str: 20    XL:     4   Next: 92%
Magic:  4/4        EV:  7    Int:  9    God:
Gold:   22         SH:  9    Dex: 11    Spells: 0 memorised, 3 levels left

rFire  . . .     SeeInvis .     a - +0 flail
rCold  . . .     Gourm    .     b - +0 scale mail
rNeg   + . .     Faith    .     c - +0 shield
rPois  ∞         Spirit   .     (no helmet)
rElec  +         Dismiss  .     (no cloak)
rCorr  .         Reflect  .     (no gloves)
SustAt .         Harm     .     (no boots)
MR     .....                    (no amulet)
Stlth  ..........               (no ring)
                                k - +2 ring of dexterity

@: not resistant to hostile enchantments, extremely unstealthy
A: negative energy resistance 1, electricity resistance, unbreathing,
petrification resistance, rot immunity, AC +3
a: no special abilities


You were on level 2 of the Dungeon.
You were not hungry.

You visited 1 branch of the dungeon, and saw 2 of its levels.

You collected 22 gold pieces.

Inventory:

Hand Weapons
 a - a +0 flail (weapon)
Armour
 b - a +0 scale mail (worn)
 c - a +0 shield (worn)
Jewellery
 k - a +2 ring of dexterity (left hand)
Scrolls
 e - 2 scrolls of identify {unknown}
 i - a scroll of enchant weapon {unknown}
 l - a scroll of fog {unknown}
 n - a scroll of blinking {unknown}
 p - a scroll of enchant armour {unknown}
Potions
 d - a potion of might
 j - a potion of curing {unknown}
 o - a potion of mutation {unknown}
 q - 2 potions of brilliance {unknown}
Comestibles
 f - 4 bread rations
 g - a slice of pizza
 h - 4 meat rations
 m - 3 chunks of flesh


   Skills:
 + Level 4.0 Fighting
 + Level 2.8 Maces & Flails
 + Level 4.0 Armour
 + Level 4.4 Shields


You had 3 spell levels left.
You didn't know any spells.

Dungeon Overview and Level Annotations

Branches:
Dungeon (2/15)

Altars:


Innate Abilities, Weirdness & Mutations

You are resistant to torment.
Your stone body is resilient (AC +3).
You are immune to poison.
You resist negative energy.
You are resistant to electric shocks.
You can survive without breathing.
You are immune to petrification.
You are immune to rotting.


Message History

You hit the worm.
The worm is heavily wounded.
The worm bites you.
* * * LOW HITPOINT WARNING * * *
You are too injured to fight recklessly!
You are too injured to fight recklessly!
You are too injured to fight recklessly!
You are too injured to fight recklessly!
You are too injured to fight recklessly!
A worm is nearby!
You hit the worm.
The worm is severely wounded.
The worm bites you.
* * * LOW HITPOINT WARNING * * *
Your shield prevents you from hitting the worm.
The worm is heavily wounded.
Your shield prevents you from hitting the worm.
The worm is heavily wounded.
The worm bites you.
You die...

.....##.....#.##.....#.)...#
.....##.....#.#...#..#†....#
.....########.#.###..##....#
.....########.#.####.##....#
..†).'............##.##....#
.....########.#.#.##..#....#
..........###.#.......#....#
..........#.....##.##.#....#
#####.....#....w@...#.######
#.....#.....###........
#.....#.....# #.....?..
################# #........
..#.............# #.#..####
..#.............###.##.#
..#.............#....#.#
..#......#......####.#<#
..#.............# #...##


You could see a worm.

Vanquished Creatures
  3 adders (D:2)
  5 oozes (D:1)
  5 worms
  A dart slug (D:1)
  2 giant geckos (D:2)
  A bat (D:2)
  3 giant cockroaches (D:1)
  4 goblins
  2 hobgoblins
  5 jackals (D:1)
  9 kobolds
  A ball python (D:2)
  3 giant newts (D:2)
  3 rats
47 creatures vanquished.

Notes
Turn   | Place    | Note
--------------------------------------------------------------
     0 | D:1      | dobroeutro the Gargoyle Fighter began the quest for the Orb.
     0 | D:1      | Reached XP level 1. HP: 14/14 MP: 1/1
     6 | D:1      | Found a runed door.
   105 | D:1      | Reached XP level 2. HP: 19/19 MP: 2/2
   489 | D:1      | Reached XP level 3. HP: 23/23 MP: 3/3
   527 | D:1      | Reached XP level 4. HP: 23/29 MP: 4/4
   788 | D:2      | HP: 1/29 [worm (4)]
   790 | D:2      | Slain by a worm

Vault maps used:
D:1:      dpeg_arrival_caged_fury, supply_closet_lemuel, minmay_misc_feat_rows
D:2:      kennysheep_generic_room_2

Skill      XL: |  1  2  3  4 |
---------------+-------------+-----
Shields        | 4 |  4.4
Fighting       | 4 |  4.0
Armour         | 4 |  4.0
Maces & Flails | |  2.8

Action                   |  1- 3 |  4- 6 || total
-------------------------+-------+-------++-------
Melee: Flail             |    87 |    81 ||   168
Armor: Scale mail        |    43 |    37 ||    80
Dodge: Dodged            |    33 |    23 ||    56
Block: Shield            |    47 |    35 ||    82
